 Dungeon Crawl Stone Soup version 0.16.2-12-gd0ad4c3 (webtiles) character file.

158 gorblad the Covered (level 5, -4/41 HPs)
             Began as a Vampire Fighter on Sept 10, 2015.
             Killed by nerve-wracking pain
             ... invoked by Grinder
              (12 damage)
             ... on level 3 of the Dungeon.
             The game lasted 00:05:49 (2033 turns).

gorblad the Covered (Vampire Fighter)               Turns: 2033, Time: 00:05:49

Health: -4/41      AC:  7    Str: 16    XL:     5   Next: 16%
Magic:  5/5        EV:  9    Int: 10    God:
Gold:   86         SH:  9    Dex: 13    Spells: 0 memorised, 4 levels left

rFire  . . .     SeeInvis +     a - +0 long sword
rCold  . . .     Clarity  .     f - -1 ring mail
rNeg   + . .     SustAb   .     c - +0 shield
rPois  .         Gourm    .     m - +0 helmet
rElec  .         Spirit   .     j - +0 cloak
rCorr  .         Warding  .     (no gloves)
rMut   .         Stasis   .     (no boots)
MR     .....                    (no amulet)
Stlth  +.........               (no ring)
                                (no ring)

@: not resistant to hostile enchantments, very unstealthy
A: bottle blood, fangs 3, see invisible, unbreathing
a: Bat Form


You were on level 3 of the Dungeon.
You were not thirsty.

You visited 1 branch of the dungeon, and saw 3 of its levels.

You collected 86 gold pieces.

Inventory:

Hand weapons
 a - a +0 long sword (weapon)
Armour
 b - a +0 scale mail
 c - a +0 shield (worn)
 f - a -1 ring mail (worn)
 j - a +0 cloak (worn)
 m - a +0 helmet (worn)
Jewellery
 k - an uncursed ring of sustain abilities {unknown}
Scrolls
 e - a scroll of immolation {unknown}
 h - a scroll of teleportation
 i - 2 scrolls of magic mapping
 n - 2 scrolls of fog {unknown}
Potions
 d - 12 potions of blood


   Skills:
 + Level 3.3 Fighting
 + Level 2.7 Long Blades
 + Level 3.3 Armour
 + Level 2.2 Dodging
 + Level 3.2 Shields


You had 4 spell levels left.
You didn't know any spells.

Dungeon Overview and Level Annotations

Branches:
Dungeon (3/15)

Altars:
Gozag
Ru

Annotations:
D:3 Grinder


Innate Abilities, Weirdness & Mutations

You can bottle blood from corpses.
You have razor-sharp teeth.
You have supernaturally acute eyesight.
You can survive without breathing.


Message History

You hit Grinder.
Grinder is moderately wounded.
Grinder hits you!
* * * LOW HITPOINT WARNING * * *
Grinder gestures.
Grinder blinks!
You are too injured to fight recklessly!
You are too injured to fight recklessly!
You are too injured to fight recklessly!
You are too injured to fight recklessly!
You are too injured to fight recklessly!
Unknown command.
You are too injured to fight recklessly!
Drink which item? (? for menu, Esc to quit)
Yummy - fresh blood!
Grinder gestures.
Grinder blinks!
Grinder gestures at you. Pain shoots through your body!
You die...

#.#.......#
........>.#
#.##.#.#..#
#......#.<#.
####.###..#. #.# #..#.
#.# #..#.############
####.#
#..#............#
.....#
#..#.....@......#
######
#..#............#
...#....(.......# #
..#5....[......# ###
#..ยง..........
..####. #............
.......# #...........
.......#.##...........
.......#.............


You could see Grinder.

Vanquished Creatures
  An orc priest (D:3)
  An orc wizard (D:3)
  2 adders
  A giant mite (D:3)
  3 worms (D:2)
  2 orcs (D:3)
  9 bats
  3 giant cockroaches
  6 hobgoblins
  2 quokkas (D:3)
  A giant gecko (D:1)
  2 giant newts
  6 goblins
  8 kobolds
  5 rats
52 creatures vanquished.

Vanquished Creatures (others)
  An orc wizard (D:3)
1 creature vanquished.

Grand Total: 53 creatures vanquished

Notes
Turn   | Place    | Note
--------------------------------------------------------------
     0 | D:1      | gorblad, the Vampire Fighter, began the quest for the Orb.
     0 | D:1      | Reached XP level 1. HP: 17/17 MP: 1/1
   294 | D:1      | Reached XP level 2. HP: 23/23 MP: 2/2
   622 | D:1      | Reached skill level 3 in Fighting
   711 | D:2      | Reached XP level 3. HP: 8/29 MP: 3/3
  1164 | D:2      | Reached skill level 1 in Dodging
  1622 | D:3      | Reached XP level 4. HP: 35/35 MP: 4/4
  1774 | D:3      | Found an opulent altar of Gozag.
  1774 | D:3      | Found a sacrificial altar of Ru.
  1922 | D:3      | Reached XP level 5. HP: 24/41 MP: 5/5
  2005 | D:3      | Noticed Grinder
  2019 | D:3      | Paralysed by Grinder for 6 turns
  2033 | D:3      | Killed from afar by Grinder

Action                   |  1- 3 |  4- 6 || total
-------------------------+-------+-------++-------
Melee: Long sword        |   108 |    61 ||   169
  Use: Scroll            |     4 |       ||     4
       Potion            |     2 |     7 ||     9
